woodfighter, chaotic female human Barbarian ------- ----- #-......# |...| #|.....|# ------ ^ |...| #|.....|# |..<)| -------|--- |....#######|.....|# ##..{...# |.........-# ---.- #----.--# # ------# #%% ... |.........|# ## # # # ### # # -%- |.{.......|# # # #### # # ### % ---------- # ### # ## ### # # ### # -.---- ### # # ### # # |.....######## ## % # # ### ### |....| # ####%############################ # ---{...+########## % # #------# ---.--- ##..[....| # #### # [|....|# |.....| |..%...-##########@d-------# #%>%...# |.....| |......| #....{..# |....| |.....| -------- #|.....| |.....#######......| #+....`| |....| ------- ------- ------ woodfighter the Brigand Experience level: 11 Strength: 18/03 Dexterity: 17 Constitution: 19 Intelligence: 10 Wisdom: 8 Charisma: 6 Health: 0(116) Energy: 28(28) Def: 14 Gold: 208 Moves: 18181 Dungeon seed: uieKSRJ0eHGvjDLT Game ID: woodfighter_1446117385 Your Inventory: Coins $ - 208 gold pieces Amulets L - an uncursed amulet of reflection (being worn) Weapons a - a greased +0 battle-axe (weapon in hands) p - 7 +0 daggers (in quiver) Armor e - an uncursed +0 pair of leather gloves (being worn) h - a blessed very rusty +3 dwarvish iron helm (being worn) n - a cursed +0 pair of elven boots r - an uncursed +0 dwarvish cloak (being worn) y - an uncursed +1 dwarvish mithril-coat (being worn) S - an uncursed very rusty +0 pair of iron shoes (being worn) Comestibles q - an uncursed carrot z - an uncursed lizard corpse E - 2 uncursed food rations M - an uncursed partly eaten pancake R - 4 uncursed tripe rations W - 2 uncursed fortune cookies Scrolls o - an uncursed scroll of enchant weapon v - a blessed scroll of create monster Wands b - a wand of polymorph (0:7) f - a wand of make invisible (0:6) g - a blessed wand of fire (0:5) i - a wand of striking (0:6) k - a wand of sleep (0:7) l - a wand of fire (0:6) m - a wand of digging (0:5) u - a wand of create monster (0:15) x - a wand of cancellation (0:5) A - a wand of fire (0:4) G - a wand of secret door detection (0:14) H - a wand of digging (0:4) Y - a corrodeproof wand of create monster (0:15) Tools c - an uncursed lock pick s - an uncursed bag of holding t - an uncursed towel Gems d - an uncursed luckstone N - 3 uncursed worthless pieces of red glass Contents of the bag of holding: 625 gold pieces an uncursed +2 mummy wrapping 3 uncursed food rations 2 uncursed lizard corpses a cursed scroll of confuse monster an uncursed scroll of enchant weapon an uncursed scroll of light an uncursed scroll of magic mapping an uncursed spellbook of finger of death an uncursed potion of fruit juice an uncursed potion of object detection an uncursed potion of oil an uncursed potion of restore ability a potion of unholy water an uncursed ring of cold resistance a cursed ring of conflict an uncursed ring of fire resistance an uncursed +1 ring of gain constitution a cursed ring of hunger an uncursed ring of levitation a cursed ring of polymorph an uncursed ring of polymorph control an uncursed ring of polymorph control an uncursed ring of regeneration an uncursed ring of searching a wand of locking (0:6) a wand of opening (0:3) a wand of probing (0:4) a wand of undead turning (0:3) a can of grease (0:17) a cursed magic lamp a +0 pick-axe an uncursed black opal an uncursed luckstone an uncursed ruby 6 uncursed worthless pieces of red glass an uncursed worthless piece of white glass an uncursed worthless piece of yellowish brown glass Spells and supernatural/magical abilities: Name Level Category Fail Memory l - light 1 divination 100% 50% r - remove curse 3 clerical 100% 50% x - extra healing 3 healing 100% 86% W - pray for help -- divine ? -- Your skills at the end: Miscellaneous Skills bare handed combat [Basic] Weapon Skills dagger [Basic] axe [Master] short sword [Basic] Spellcasting Skills Final Attributes: You were piously aligned. You were cold resistant. You were poison resistant. You were telepathic. You were protected. You were fast. You had reflection. You were lucky. You had extra luck. Bad luck did not time out for you. Good luck did not time out for you. You are dead. Vanquished creatures: 10 baby red dragons 2 vampires a ghost 2 giant mimics a large mimic a wumpus a couatl a stalker a warg a small mimic a xan a sasquatch a pyrolisk a freezing sphere a shocking sphere a large cat 2 gargoyles 2 dwarf kings 2 tengu 2 chameleons a crocodile a leocrotta a cobra 2 ettin zombies a leather golem 2 Grey-elves a soldier a succubus 2 giant beetles a cockatrice 3 lynxes 2 panthers 3 leprechauns 2 quivering blobs 4 lizards an orc-captain a mumak 2 giant spiders a scorpion an iron piercer a black light a vampire bat a gnome king a dwarf mummy 2 rust monsters 2 owlbears a werewolf a Green-elf 2 chickatrices a jaguar 5 dwarf lords 4 water nymphs a dust vortex a raven 2 gnome mummies 2 snakes 2 human zombies 4 Woodland-elves 3 soldier ants 7 fire ants 2 baby crocodiles 2 wood nymphs 8 Mordor orcs 2 Uruk-hai 15 orc shamans 4 rock moles 2 rock piercers 2 fog clouds 7 yellow lights 3 shriekers 2 violet fungi 11 gnome lords 3 gnomish wizards 2 kobold mummies a black naga hatchling a golden naga hatchling a guardian naga hatchling 3 gray oozes a barrow wight 4 elf zombies a straw golem 5 giant ants 2 little dogs 4 floating eyes a kitten 18 dwarves 3 kobold lords a kobold shaman 7 iguanas 18 hill orcs 5 giant bats a monkey 4 orc zombies a wererat 4 werejackals 5 killer bees 9 coyotes 4 gas spores 9 hobbits 7 acid blobs 4 large kobolds 9 geckos 3 hobgoblins 7 giant rats 3 cave spiders 3 brown molds 4 yellow molds 4 green molds a red mold 50 gnomes 5 garter snakes 11 manes 2 gnome zombies 8 jackals 6 foxes 7 kobolds 10 newts 10 goblins 8 sewer rats 9 grid bugs 9 bats 7 lichens 2 kobold zombies 479 creatures vanquished. Voluntary challenges: You had been an atheist until turn 4584. You used a wielded weapon 711 times, starting on turn 41. You did not apply a unicorn horn. You read items or engraved 38 times, starting on turn 4909. You never genocided any monsters. You never polymorphed an object. You changed form 2 times, starting on turn 14470. You completed Sokoban on turn 12611, according to the rules. You used no wishes. You never split a pudding. You wrote Elbereth's name 2 times, starting on turn 17703. You never violated your personal moral code. Dungeon overview: The Dungeons of Doom: levels 1 to 18 Level 1 (vault) a long staircase Level 2 a hardware shop, a fountain stairs to The Gnomish Mines Level 3 (vault) a delicatessen, a fountain Level 4 a fountain Level 5 a general store Level 6 a fountain, a sink Level 7 many fountains Level 8 stairs to Sokoban Level 9 Level 10 a fountain, a sink Level 11 Level 12 a fountain Level 13 some fountains, a sink Level 14 (Quest) a temple to Mitra, some fountains, a sink Level 15 a temple to Set, a fountain Level 16 (Rogue) Level 17 <- You were here many fountains Level 18 The Gnomish Mines: levels 3 to 10 Level 3 stairs to The Dungeons of Doom Level 4 Level 5 some shops, a temple to Crom, a magic chest, some fountains Level 6 Level 7 Level 8 Level 9 Level 10 many altars to Moloch, some fountains Sokoban: levels 4 to 7 Level 4 a magic chest Level 5 a sink Level 6 a fountain Level 7 a magic chest stairs to The Dungeons of Doom History has recorded: On T:1 you entered the Dungeons of Doom to retrieve the Amulet of Yendor! On T:250 you reached level 2 of The Dungeons of Doom. On T:540 you advanced to experience level 2. On T:629 you reached level 3 of The Dungeons of Doom. On T:705 you reached level 1 of The Gnomish Mines. On T:900 you advanced to experience level 3. On T:1304 you advanced to experience level 4. On T:1350 you reached level 2 of The Gnomish Mines. On T:1479 you advanced to experience level 5. On T:3981 you advanced to experience level 6. On T:4012 you reached level 3 of The Gnomish Mines. On T:4487 you opened a magic chest. On T:4574 you entered the Minetown temple On T:4908 you opened a magic chest. On T:4911 you opened a magic chest. On T:4912 you opened a magic chest. On T:4990 you reached level 4 of The Gnomish Mines. On T:5239 you reached level 5 of The Gnomish Mines. On T:5252 you advanced to experience level 7. On T:5280 you reached level 6 of The Gnomish Mines. On T:6220 you reached level 7 of The Gnomish Mines. On T:6282 you advanced to experience level 8. On T:6694 you reached the bottom of the Mines. On T:7154 you advanced to experience level 9. On T:8034 you opened a magic chest. On T:8042 you opened a magic chest. On T:8044 you opened a magic chest. On T:8146 you opened a magic chest. On T:8147 you opened a magic chest. On T:8301 you reached level 4 of The Dungeons of Doom. On T:8680 you reached level 5 of The Dungeons of Doom. On T:9004 you reached level 6 of The Dungeons of Doom. On T:9456 you reached level 7 of The Dungeons of Doom. On T:9647 you reached level 8 of The Dungeons of Doom. On T:9806 you reached level 4 of Sokoban. On T:9931 you reached level 9 of The Dungeons of Doom. On T:10362 you opened a magic chest. On T:10520 you reached level 3 of Sokoban. On T:11159 you reached level 2 of Sokoban. On T:11667 you reached level 1 of Sokoban. On T:12611 you advanced to experience level 10. On T:12611 you entered the Sokoban zoo. On T:12695 you opened a magic chest. On T:12794 you opened a magic chest. On T:13047 you reached level 10 of The Dungeons of Doom. On T:13259 you reached level 11 of The Dungeons of Doom. On T:13800 you reached level 12 of The Dungeons of Doom. On T:14348 you reached level 13 of The Dungeons of Doom. On T:15148 you opened a magic chest. On T:15151 you opened a magic chest. On T:15152 you opened a magic chest. On T:15184 you opened a magic chest. On T:15193 you opened a magic chest. On T:15199 you opened a magic chest. On T:15199 you opened a magic chest. On T:15212 you opened a magic chest. On T:15213 you opened a magic chest. On T:15224 you opened a magic chest. On T:15292 you opened a magic chest. On T:16163 you reached level 14 of The Dungeons of Doom. On T:16446 you reached level 15 of The Dungeons of Doom. On T:16578 you reached level 16 of The Dungeons of Doom. On T:17276 you reached level 17 of The Dungeons of Doom. On T:17609 you reached level 18 of The Dungeons of Doom. On T:17852 you advanced to experience level 11. Score breakdown: Gold: 833 ( 83 points) Experience: 11 levels ( 1000 points) Exploration: 18 levels ( 510 points) Discoveries: 29 items ( 1450 points) Variety of kills: 123 monsters ( 2000 points) Major goal: Sokoban/Mines ( 1500 points) Survival: died (score multiplied by 3) Total score: 19629 Latest messages: The red dragon bites! The red dragon claws you! (2x) Your movements are now unencumbered. You sold an uncursed indigo spellbook for 100 gold pieces. You drop a blessed spellbook of extra healing. You sold a blessed spellbook of extra healing for 150 gold pieces. You drop an uncursed purple spellbook. You sold an uncursed purple spellbook for 350 gold pieces. You drop a yellow spellbook. You sold a yellow spellbook for 200 gold pieces. You drop a cursed cloth spellbook. You sold a cursed cloth spellbook for 72 gold pieces. Your movements are now unencumbered. v - an uncursed zinc wand. A long wand lands on the altar. You drop an uncursed pink spellbook. You sold an uncursed pink spellbook for 100 gold pieces. You drop an uncursed plaid spellbook. You swing your battle-axe in a tremendous arc. You smite the wolf! The wolf bites! You die... Final status: Goodbye woodfighter the Barbarian, killed by a wolf... You died in The Dungeons of Doom on dungeon level 17 with 19629 points, and 833 pieces of gold, after 18181 moves. You were level 11 with a maximum of 116 hit points when you died.